 Dungeon Crawl Stone Soup version 0.23.2-33-g5129a83184 (webtiles) character file.

Game seed: 7971247255965854618

9 MalarOregon the Chiller (level 2, 0/19 HPs)
             Began as a Merfolk Ice Elementalist on Aug 2, 2019.
             Slain by a frilled lizard (2 damage)
             ... on level 1 of the Dungeon.
             The game lasted 00:01:23 (128 turns).

MalarOregon the Chiller (Merfolk Ice Elementalist)   Turns: 128, Time: 00:01:24

Health: 0/19       AC:  2    Str:  8    XL:     2   Next: 16%
Magic:  0/5        EV: 13    Int: 14    God:
Gold:   0          SH:  0    Dex: 14    Spells: 4/5 levels left

rFire    . . .     SeeInvis .   (no weapon)
rCold    . . .     Gourm    .   (no shield)
rNeg     . . .     Faith    .   a - +0 robe
rPois    .         Spirit   .   (no helmet)
rElec    .         Reflect  .   (no cloak)
rCorr    .         Harm     .   (no gloves)
MR       .....                  (no boots)
Stlth    ++........             (no amulet)
HPRegen  0.06/turn              (no ring)
MPRegen  0.09/turn              (no ring)

@: very slightly contaminated
A: change form in water, swift swim, stealthy swim
a: no special abilities


You were on level 1 of the Dungeon.
You were not hungry.

You visited 1 branch of the dungeon, and saw 1 of its levels.

Inventory:

Armour
 a - a +0 robe (worn)
Comestibles
 b - a chunk of flesh
 e - a ration {!d}


   Skills:
 + Level 3.1 Dodging
 - Level 2.1 Stealth
 + Level 2.2 Spellcasting
   Level 0.7 Conjurations
 + Level 3.5 Ice Magic


You had 4 spell levels left.
You knew the following spells:

 Your Spells              Type           Power        Failure   Level  Hunger
a - Freeze                Ice            ##..         5%          1    #......

Your spell library contained the following spells:

 Spells                   Type           Power        Failure   Level  Hunger
 Throw Frost              Conj/Ice       #.....       14%         2    ###....
 Ozocubu's Armour         Chrm/Ice       #.......     34%         3    ###....
 Throw Icicle             Conj/Ice       #.......     67%         4    #####..
 Summon Ice Beast         Ice/Summ       #.......     75%         4    #####..


Dungeon Overview and Level Annotations

Branches:
Dungeon (1/15)

Altars:


Message History

You hit the kobold but do no damage. The kobold hits you.
* * * LOW HITPOINT WARNING * * *
A frilled lizard and a rat come into view.
You aren't carrying any scrolls.
You aren't carrying any potions.
You aren't carrying any potions.
You aren't carrying any potions.
You hit the kobold.
You kill the kobold!
Unknown command.
The hobgoblin hits you but does no damage.
You closely miss the frilled lizard. The hobgoblin barely misses you.
The frilled lizard closely misses you.
You barely miss the frilled lizard. The frilled lizard closely misses you.
The hobgoblin barely misses you. The frilled lizard bites you.
* * * LOW HITPOINT WARNING * * *
Aim: a frilled lizard You freeze the frilled lizard.
You kill the frilled lizard!
The frilled lizard barely misses you. The hobgoblin closely misses you.
The frilled lizard closely misses you. The frilled lizard closely misses you.
You closely miss the rat. The rat misses you.
The frilled lizard closely misses you.
You barely miss the rat. The rat closely misses you.
The frilled lizard barely misses you.
You hit the rat. The rat misses you. The frilled lizard barely misses you.
You hit the rat but do no damage. The rat closely misses you.
The frilled lizard misses you.
You hit the rat but do no damage. The rat bites you.
* * * LOW HITPOINT WARNING * * *
The frilled lizard misses you.
You hit the rat.
You kill the rat!
The frilled lizard misses you.
Found a ration.
Aim: a frilled lizard You miscast Freeze.
You are very lightly contaminated with residual magic.
Nothing appears to happen.
The frilled lizard barely misses you.
You barely miss the frilled lizard.
The frilled lizard bites you but does no damage.
You completely miss the frilled lizard. The frilled lizard barely misses you.
You barely miss the frilled lizard. The frilled lizard closely misses you.
You miss the frilled lizard.
The frilled lizard completely misses you.
You closely miss the frilled lizard.
The frilled lizard completely misses you.
You barely miss the frilled lizard. The frilled lizard bites you.
You die...

.........#
.........#
.........# #####
##########
#.†.####....)...
#........#######
#...##########..
...#+#####.##
.......#..
.......@.#g#
#....÷.#
.......#l#.#
#....(.#
.......#g..#
.........#
%......#####
###......#
####### #=.....#
#......#
#......#
...##+### .%.


You could see a hobgoblin and a frilled lizard.

Vanquished Creatures
  A leopard gecko (D:1)
  A bat (D:1)
  2 kobolds (D:1)
  2 frilled lizards (D:1)
  3 rats (D:1)
9 creatures vanquished.

Notes
Turn   | Place    | Note
-------+----------+-------------------------------------------
     0 | D:1      | MalarOregon the Merfolk Ice Elementalist began the quest
                  | for the Orb.
     0 | D:1      | Reached XP level 1. HP: 13/13 MP: 3/3
    91 | D:1      | Reached XP level 2. HP: 5/19 MP: 0/5
   128 | D:1      | Slain by a frilled lizard

Skill      XL: |  1 |
---------------+----+-----
Dodging        | 3 |  3.1
Stealth        | |  2.1
Spellcasting   | |  2.2
Conjurations   | |  0.7
Ice Magic      | |  3.5

Action                   || total
-------------------------++-------
Melee: Unarmed           ||    21
 Cast: Freeze            ||    11
Armor: Robe              ||     4
Dodge: Dodged            ||    39
